[ AOE2 MATCH · #483136624 ]
UnrankedJapanese vs Spanish
Player's team · LOSS
Rival team · WIN
[ REPLAY ANALYSIS · EXTRACTED FROM THE RECORDED GAME ]
Feudal
10:10
Castle
23:13
Imperial
—
| APM avg | 31.8 |
| APM peak | 87 |
| eAPM avg | 19.6 |
| Villagers / military | 180 / 105 |
Focus
⚔️ 28.2% · 🌾 71.8%
Skirmisher ×47 · Knight ×17 · Militia ×15 · Monk ×13 · Spearman ×10 · Archer ×2
Feudal
9:21
Castle
22:34
Imperial
43:25
| APM avg | 76.8 |
| APM peak | 132 |
| eAPM avg | 23.8 |
| Villagers / military | 154 / 70 |
Focus
⚔️ 20.2% · 🌾 79.8%
Knight ×35 · Conquistador ×22 · Archer ×5 · Militia ×3 · Skirmisher ×3 · Trebuchet (Packed) ×2
Match map
Initial resources + every placement click. Lines = walls · curves = elevation contours. ◆ gold · ⬟ stone · ● berries · ✦ relic · ◌ wall gap
Your base· Open — unwalled flank
LordFarquaad's base· Open — unwalled flank
Smoothed initial terrain · ◌ = detected wall gap · hover for details
Inputs per minute
— Preston - - LordFarquaad
Build order — Preston
First 150 of 404 actions detected
| 0:00 | Create | Villager (Male) |
| 0:01 | Create | Villager (Male) |
| 0:01 | Create | Villager (Male) |
| 0:02 | Build | House |
| 0:04 | Build | House |
| 0:30 | Create | Villager (Male) |
| 0:30 | Create | Villager (Male) |
| 1:26 | Create | Villager (Male) |
| 1:27 | Create | Villager (Male) |
| 2:00 | Create | Villager (Male) |
| 2:01 | Create | Villager (Male) |
| 2:18 | Create | Villager (Male) |
| 2:18 | Create | Villager (Male) |
| 2:33 | Build | Lumber Camp |
| 2:37 | Build | House |
| 2:46 | Create | Villager (Male) |
| 2:47 | Create | Villager (Male) |
| 3:10 | Create | Villager (Male) |
| 3:11 | Create | Villager (Male) |
| 3:11 | Create | Villager (Male) |
| 3:47 | Create | Villager (Male) |
| 3:47 | Create | Villager (Male) |
| 3:48 | Create | Villager (Male) |
| 4:26 | Create | Villager (Male) |
| 5:09 | Build | Barracks |
| 5:35 | Research | Loom |
| 5:51 | Create | Villager (Male) |
| 5:51 | Create | Villager (Male) |
| 6:15 | Create | Villager (Male) |
| 6:23 | Build | Mining Camp |
| 6:30 | Create | Villager (Male) |
| 6:38 | Build | House |
| 6:57 | Create | Villager (Male) |
| 7:45 | Build | Mill |
| 8:00 | Research | Feudal Age |
| 8:29 | Build | House |
| 8:50 | Build | Farm |
| 8:51 | Build | Farm |
| 9:01 | Build | House |
| 9:07 | Build | House |
| 9:10 | Create | Militia |
| 9:10 | Create | Militia |
| 9:10 | Create | Militia |
| 9:26 | Build | Farm |
| 9:38 | Create | Militia |
| 9:45 | Build | Farm |
| 9:48 | Build | Farm |
| 9:51 | Create | Militia |
| 10:08 | Create | Villager (Male) |
| 10:10 | Age | Feudal Age |
| 10:22 | Build | Farm |
| 10:24 | Build | Farm |
| 10:34 | Create | Villager (Male) |
| 10:43 | Build | House |
| 10:46 | Create | Villager (Male) |
| 11:04 | Create | Spearman |
| 11:07 | Create | Villager (Male) |
| 11:17 | Build | House |
| 11:20 | Create | Villager (Male) |
| 11:43 | Research | Man-at-Arms (upgrade) |
| 11:44 | Create | Villager (Male) |
| 12:38 | Create | Villager (Male) |
| 12:38 | Create | Villager (Male) |
| 12:38 | Create | Villager (Male) |
| 13:02 | Create | Villager (Male) |
| 13:03 | Create | Villager (Male) |
| 13:09 | Build | Market |
| 13:26 | Research | Double-Bit Axe |
| 13:32 | Build | Farm |
| 13:35 | Build | Farm |
| 13:59 | Create | Villager (Male) |
| 13:59 | Create | Villager (Male) |
| 14:02 | Create | Villager (Male) |
| 14:06 | Create | Militia |
| 14:06 | Create | Militia |
| 14:16 | Create | Militia |
| 14:42 | Create | Spearman |
| 15:10 | Create | Villager (Male) |
| 15:10 | Create | Villager (Male) |
| 15:15 | Build | Farm |
| 15:29 | Create | Spearman |
| 15:36 | Build | Farm |
| 15:40 | Build | Farm |
| 16:04 | Create | Villager (Male) |
| 16:05 | Create | Villager (Male) |
| 16:26 | Research | Horse Collar |
| 16:28 | Create | Villager (Male) |
| 17:00 | Create | Villager (Male) |
| 17:20 | Build | Archery Range |
| 17:22 | Create | Villager (Male) |
| 17:22 | Create | Villager (Male) |
| 18:05 | Create | Skirmisher |
| 18:05 | Create | Skirmisher |
| 18:06 | Create | Skirmisher |
| 18:19 | Build | Blacksmith |
| 18:50 | Build | Farm |
| 18:51 | Build | Farm |
| 18:58 | Create | Villager (Male) |
| 18:58 | Create | Villager (Male) |
| 19:00 | Build | Farm |
| 19:17 | Build | Farm |
| 19:31 | Create | Skirmisher |
| 19:50 | Create | Villager (Male) |
| 19:50 | Create | Villager (Male) |
| 19:53 | Create | Villager (Male) |
| 20:20 | Build | House |
| 20:31 | Create | Villager (Male) |
| 20:33 | Research | Castle Age |
| 20:35 | Build | Farm |
| 20:36 | Build | Farm |
| 21:04 | Research | Fletching |
| 21:14 | Create | Militia |
| 21:15 | Create | Militia |
| 21:26 | Build | Gate |
| 21:31 | Build | Farm |
| 21:33 | Research | Gold Mining |
| 21:49 | Create | Militia |
| 21:53 | Create | Archer |
| 21:53 | Create | Archer |
| 22:06 | Create | Militia |
| 22:08 | Create | Militia |
| 22:15 | Create | Skirmisher |
| 22:22 | Build | Farm |
| 22:23 | Build | Farm |
| 22:28 | Build | Farm |
| 22:48 | Create | Militia |
| 22:56 | Build | Farm |
| 23:08 | Build | House |
| 23:13 | Age | Castle Age |
| 23:17 | Research | Wheelbarrow |
| 23:45 | Research | Elite Skirmisher (upgrade) |
| 23:49 | Research | Long Swordsman (upgrade) |
| 23:50 | Create | Militia |
| 24:08 | Build | Farm |
| 24:11 | Build | Farm |
| 24:15 | Research | Town Watch |
| 24:17 | Create | Villager (Male) |
| 24:20 | Build | House |
| 24:40 | Build | Farm |
| 24:40 | Build | Farm |
| 25:16 | Build | Town Center |
| 25:24 | Create | Villager (Male) |
| 25:25 | Create | Villager (Male) |
| 25:38 | Build | House |
| 25:48 | Create | Villager (Male) |
| 25:57 | Research | Bodkin Arrow |
| 25:59 | Create | Villager (Male) |
| 26:00 | Create | Villager (Male) |
| 26:20 | Create | Skirmisher |
| 26:20 | Create | Skirmisher |
Build order — LordFarquaad
First 150 of 378 actions detected
| 0:00 | Create | Villager (Male) |
| 0:00 | Create | Villager (Male) |
| 0:00 | Create | Villager (Male) |
| 0:02 | Build | House |
| 0:03 | Build | House |
| 0:04 | Create | Villager (Male) |
| 1:23 | Create | Villager (Male) |
| 1:23 | Create | Villager (Male) |
| 1:56 | Build | Lumber Camp |
| 2:00 | Create | Villager (Male) |
| 2:25 | Create | Villager (Male) |
| 2:47 | Create | Villager (Male) |
| 3:24 | Create | Villager (Male) |
| 3:24 | Create | Villager (Male) |
| 3:43 | Create | Villager (Male) |
| 3:43 | Create | Villager (Male) |
| 3:54 | Build | House |
| 4:16 | Create | Villager (Male) |
| 4:16 | Create | Villager (Male) |
| 4:16 | Create | Villager (Male) |
| 4:16 | Create | Villager (Male) |
| 4:44 | Create | Villager (Male) |
| 4:44 | Create | Villager (Male) |
| 4:46 | Build | Mill |
| 5:32 | Create | Villager (Male) |
| 5:51 | Create | Villager (Male) |
| 5:51 | Create | Villager (Male) |
| 6:28 | Research | Loom |
| 6:48 | Research | Feudal Age |
| 7:21 | Create | Villager (Male) |
| 7:34 | Build | Barracks |
| 8:13 | Build | Mining Camp |
| 8:16 | Create | Militia |
| 8:16 | Create | Militia |
| 8:17 | Create | Militia |
| 8:20 | Build | House |
| 8:43 | Build | House |
| 8:50 | Create | Villager (Male) |
| 9:21 | Age | Feudal Age |
| 9:21 | Research | Double-Bit Axe |
| 9:21 | Research | Double-Bit Axe |
| 9:24 | Research | Horse Collar |
| 9:37 | Create | Villager (Male) |
| 9:56 | Build | Farm |
| 10:01 | Create | Villager (Male) |
| 10:16 | Create | Villager (Male) |
| 10:35 | Create | Villager (Male) |
| 10:35 | Create | Villager (Male) |
| 10:39 | Build | Farm |
| 10:39 | Build | Farm |
| 10:39 | Build | Farm |
| 11:12 | Research | Man-at-Arms (upgrade) |
| 11:17 | Build | House |
| 11:19 | Build | Farm |
| 11:22 | Build | Farm |
| 11:25 | Build | Farm |
| 11:26 | Create | Villager (Male) |
| 11:30 | Build | Farm |
| 11:53 | Build | Archery Range |
| 12:18 | Create | Villager (Male) |
| 12:47 | Create | Villager (Male) |
| 12:48 | Create | Villager (Male) |
| 12:53 | Build | Farm |
| 13:10 | Create | Skirmisher |
| 13:12 | Create | Skirmisher |
| 13:19 | Build | House |
| 13:55 | Create | Villager (Male) |
| 13:55 | Create | Villager (Male) |
| 14:01 | Build | House |
| 14:16 | Create | Villager (Male) |
| 14:18 | Build | Farm |
| 14:19 | Build | Farm |
| 15:06 | Create | Villager (Male) |
| 15:10 | Build | Farm |
| 15:12 | Build | Farm |
| 15:20 | Build | Farm |
| 15:28 | Create | Villager (Male) |
| 15:37 | Build | Farm |
| 16:04 | Create | Villager (Male) |
| 16:04 | Create | Villager (Male) |
| 16:04 | Create | Villager (Male) |
| 16:09 | Build | Farm |
| 16:27 | Create | Archer |
| 16:57 | Create | Archer |
| 16:59 | Create | Villager (Male) |
| 17:26 | Create | Archer |
| 17:47 | Create | Villager (Male) |
| 17:47 | Create | Villager (Male) |
| 17:48 | Create | Skirmisher |
| 17:50 | Create | Archer |
| 17:53 | Create | Villager (Male) |
| 17:54 | Build | Farm |
| 17:54 | Build | Farm |
| 17:58 | Build | Farm |
| 18:14 | Create | Archer |
| 19:02 | Build | Market |
| 19:05 | Create | Villager (Male) |
| 19:52 | Create | Villager (Male) |
| 19:53 | Research | Castle Age |
| 19:53 | Research | Castle Age |
| 19:55 | Create | Villager (Male) |
| 19:58 | Build | Farm |
| 20:07 | Build | Mining Camp |
| 20:36 | Create | Villager (Male) |
| 20:45 | Build | Stable |
| 20:51 | Create | Villager (Male) |
| 22:34 | Age | Castle Age |
| 22:37 | Research | Wheelbarrow |
| 22:45 | Create | Villager (Male) |
| 22:54 | Build | Town Center |
| 23:35 | Create | Villager (Male) |
| 24:00 | Build | Castle |
| 24:07 | Create | Villager (Male) |
| 24:07 | Create | Villager (Male) |
| 24:16 | Create | Villager (Male) |
| 24:19 | Build | Town Center |
| 24:50 | Create | Villager (Male) |
| 24:50 | Create | Villager (Male) |
| 24:50 | Create | Villager (Male) |
| 24:55 | Build | Mining Camp |
| 25:07 | Build | Farm |
| 25:10 | Build | Farm |
| 25:18 | Build | Farm |
| 25:23 | Build | Farm |
| 25:29 | Create | Villager (Male) |
| 25:30 | Create | Villager (Male) |
| 25:53 | Create | Villager (Male) |
| 26:00 | Build | Farm |
| 26:02 | Build | Farm |
| 26:22 | Build | Farm |
| 26:22 | Build | Farm |
| 26:27 | Create | Villager (Male) |
| 26:29 | Build | Farm |
| 26:34 | Build | Farm |
| 26:42 | Create | Villager (Male) |
| 26:42 | Create | Villager (Male) |
| 26:47 | Create | Villager (Male) |
| 26:48 | Create | Villager (Male) |
| 26:52 | Build | Farm |
| 26:57 | Create | Villager (Male) |
| 26:57 | Create | Villager (Male) |
| 27:07 | Build | Farm |
| 27:13 | Create | Villager (Male) |
| 27:16 | Create | Villager (Male) |
| 27:16 | Create | Villager (Male) |
| 27:16 | Create | Villager (Male) |
| 27:30 | Create | Villager (Male) |
| 27:30 | Create | Villager (Male) |
| 27:41 | Create | Conquistador |
| 28:10 | Research | Bloodlines |
Match timeline
| 5:09 | Preston · first_building Barracks |
| 7:34 | LordFarquaad · first_building Barracks |
| 9:21 | LordFarquaad · age_up feudal |
| 10:10 | Preston · age_up feudal |
| 11:53 | LordFarquaad · first_building Archery Range |
| 17:20 | Preston · first_building Archery Range |
| 20:45 | LordFarquaad · first_building Stable |
| 22:20 | LordFarquaad · first_market_buy 100 stone |
| 22:34 | LordFarquaad · age_up castle |
| 23:13 | Preston · age_up castle |
| 23:36 | Preston · first_market_sell 100 stone |
| 23:37 | Preston · first_market_buy 100 wood |
| 24:00 | LordFarquaad · first_building Castle |
| 26:54 | Preston · first_building Monastery |
| 32:33 | Preston · first_building Stable |
| 41:22 | Preston · first_building Siege Workshop |
| 43:25 | LordFarquaad · age_up imperial |
| 45:13 | Preston · resign |
[ AI ANALYSIS · 1 CREDIT ]
What really happened in this match?
Wolo.gg analyzes every decision: build order, eco, micro, common mistakes by bracket. Personalized analysis on WhatsApp or Discord in 30 seconds.
Civ guide
Japanese
Perfil
Jugador #11142633